[Event "4th Tata Steel India Rapid Open 2022"]
[Site "Kolkota"]
[Date "2022.11.30"]
[Round "4.2"]
[White "Erigaisi Arjun"]
[Black "Sethuraman, S.P."]
[Result "0-1"]
[ECO "D00"]
[WhiteElo "2718"]
[BlackElo "2643"]
[Annotator "TA"]
[PlyCount "166"]
[EventDate "2022.11.29"]
[EventType "tourn"]
[EventCountry "IND"]
[SourceTitle "playchess.com"]
[Source "ChessBase"]
[SourceQuality "1"]
[TimeControl "900+10"]

1. d4 Nf6 2. Nc3 d5 3. Bf4 g6 4. e3 Bg7 5. Nb5 Na6 6. h3 c6 7. Nc3 Nc7 8. Nf3 O-O 9. Bd3 c5 10. O-O b6 11. a4 Bb7 12. Be5 Ne4 13. Ne2 Ne6 14. c3 a6 15. Bxg7 Kxg7 16. Qb1 Nd6 17. Nd2 b5 18. b3 Bc6 19. Qa2 Qb6 20. Rfc1 Rfc8 (20... bxa4 $11 21. bxa4 c4) 21. Rab1 (21. c4 $1 $14) 21... Qa7 22. Qa1 Kg8 23. h4 Qd7 24. Bc2 cxd4 25. cxd4 b4 26. Nf3 Bb7 (26... a5 $11 {was preferrable.}) 27. h5 (27. Ne5 $5 Qe8 28. a5 $11) 27... Qe8 28. a5 Bc6 29. Bd3 Bb5 30. Bxb5 Qxb5 31. Qa2 Nb7 32. Ne5 ({White should play} 32. Ra1 $11) 32... f6 $15 33. Ng4 Qxa5 34. Qd2 Qb5 (34... gxh5 35. Nh6+ Kh8 36. Nf5 $14) 35. Nf4 Nxf4 36. exf4 Nd6 37. Qe3 (37. Qe1 $11 Qd7 38. hxg6) 37... Qd7 $17 (37... gxh5 $2 38. Nh6+ (38. Qxe7 hxg4 39. Qxd6 Qe8 $16) 38... Kh8 39. Qxe7 $18) 38. Qh3 Nf5 (38... Kg7 $17 39. Re1 Rc3) 39. Re1 ({Better is} 39. Rc5 $15) 39... Rc3 (39... Nxd4 $2 40. Nh6+ Kg7 41. Qxd7 $18) ({Black should try} 39... Ra7 $17 {Strongly threatening ...Kg7.} 40. g3 Kg7) 40. g3 {[%emt 0:00:02] [#]} (40. Nh6+ $1 $11 Kg7 41. Nxf5+ gxf5 42. h6+ Kf7 43. Qh5+ Kf8 44. Rb2) 40... Kg7 $1 $17 (40... Nxd4 $2 {[#]} 41. Nxf6+ $1 exf6 42. Qxd7 $18) 41. Kg2 (41. hxg6 $17 hxg6 42. Ne3) 41... Rh8 42. Ra1 Qc8 43. Rh1 $2 (43. Ra2 $17) 43... h6 (43... Nxd4 $2 44. Ne3 $19) 44. Rae1 Rxb3 45. hxg6 $2 (45. Re2 e6 46. Nh2) 45... h5 (45... Qc3 46. Ne3 Nxd4 47. Qd7 Kxg6 48. Qxe7 $18 (48. Nxd5 Qf3+ 49. Kh3 Qh5+ 50. Kg2 Qf3+ 51. Kh3 Qh5+ 52. Kg2 Qf3+ $11) (48. Rc1 Qd3 $16)) 46. Nh2 Rc3 47. Nf3 Rc7 (47... Kxg6 $2 48. Nh4+ (48. g4 $2 hxg4 49. Ne5+ fxe5 $19) 48... Nxh4+ 49. Qxh4 $19) 48. Ra1 $2 (48. Re2 Rc2 49. Rxc2 Qxc2 50. Re1) 48... b3 $19 49. Nh4 Nxh4+ 50. Qxh4 b2 51. Rab1 Rb7 (51... Kxg6 52. Rxb2 a5 53. Rb6 $17) 52. Rhe1 Qf5 53. f3 Qc2+ 54. Kg1 a5 55. Qh3 a4 56. Qe6 Qxg6 57. Qxd5 Rhb8 58. Kf2 a3 59. f5 Qf7 60. Re6 Ra7 61. Qa2 Qe8 62. Rbe1 Qd8 63. Kg2 Kf8 64. d5 Rb6 65. R6e4 Qb8 66. Rb1 Rb4 67. Re3 h4 68. f4 Rba4 69. Rh1 Rb7 70. d6 Qxd6 (70... b1=B 71. Rxb1 Qxd6 72. Rxb7 $11) 71. Rxh4 Qc6+ (71... b1=R 72. Rh8+ Kg7 73. Qg8#) 72. Kf2 Qc2+ (72... b1=R 73. Rh8+ Kg7 74. Qg8#) 73. Kf3 Qc4 (73... b1=N 74. Rh8+ Kg7 75. Qg8#) 74. Qb1 Qd5+ 75. Kf2 a2 76. Qc2 Rc4 (76... b1=R 77. Qc8+) 77. Qe2 b1=Q 78. Rh8+ Qg8 79. Rxg8+ Kxg8 80. Qxc4+ Kg7 81. Qc5 Rb2+ (81... a1=B 82. Rxe7+ Kh6 83. Rxb7 Qxb7 84. g4 $15) 82. Kf3 Qd1+ 83. Ke4 Rb7 ({Stronger than} 83... a1=B 84. Qxe7+ Kg8 85. Qe8+ (85. Qxf6 {gets mated.} Rb4+) 85... Kg7 86. Qg6+ Kh8 87. Qh6+ (87. Qxf6+ Kg8 $11) 87... Kg8 88. Qg6+ (88. Qxf6 Rb4+) 88... Kh8 89. Qh6+ (89. Qxf6+ Kg8 $11) 89... Kg8 90. Qg6+ (90. Qxf6 Rb4+) 90... Kh8 $11) 0-1

[Event "4th Tata Steel India Rapid Open 2022"]
[Site "Kolkota"]
[Date "2022.11.30"]
[Round "4.3"]
[White "Nakamura, Hikaru"]
[Black "Mamedyarov, Shakhriyar"]
[Result "1-0"]
[ECO "A30"]
[WhiteElo "2768"]
[BlackElo "2741"]
[Annotator "TA"]
[PlyCount "93"]
[EventDate "2022.11.29"]
[EventType "tourn"]
[EventCountry "IND"]
[SourceTitle "playchess.com"]
[Source "ChessBase"]
[SourceQuality "1"]
[TimeControl "900+10"]

1. Nf3 Nf6 2. e3 g6 3. b3 Bg7 4. Bb2 c5 5. c4 O-O 6. Be2 b6 7. O-O Bb7 8. Qc2 {[%emt 0:00:14] A30: Symmetrical English: Double Fianchetto and Hedgehog.} Nc6 9. Rd1 $5 {[%emt 0:00:30][%mdl 4] Leaves trodden paths.} d5 10. cxd5 {[%emt 0:00:33] The position is equal.} Nb4 11. Qc1 {[%emt 0:00:01] [#]} Qxd5 $146 ({Predecessor:} 11... Rc8 12. Nc3 Nbxd5 13. a3 a6 14. d3 Qd7 15. Na4 Qd6 16. e4 Nf4 17. Bf1 Nd7 18. Bxg7 Kxg7 {0-1 (42) Gronn,A (2409)-Tjoelsen,K (2225) Oslo 2011}) 12. Nc3 Qf5 13. d4 Rac8 14. dxc5 Bxf3 (14... Qxc5 {simplifies} 15. Rd2 Nbd5 16. Nxd5 Qxc1+ 17. Rxc1 Rxc1+ 18. Bxc1 Nxd5 19. Bc4 Rc8) 15. Bxf3 {[%emt 0:00:03] Threatens to win with cxb6.} Nd3 $1 16. e4 Qxf3 17. gxf3 Nxc1 18. Raxc1 {[%emt 0:00:01] [#] aiming for e5.} Rxc5 (18... Bh6 $1 $11 19. Rb1 Rxc5) 19. Ba3 $14 Rg5+ 20. Kf1 (20. Kh1 $5 ) 20... Re8 21. Rc2 (21. Na4 $5 ) 21... Rh5 22. Kg1 Bf8 23. Ne2 Ra5 24. Bb4 Rb5 25. Bd2 Rc5 26. Rxc5 bxc5 27. Bc3 Rc8 28. e5 Ne8 29. Rd7 a6 30. Ra7 Rc6 {[%emt 0:00:29] [#]} (30... Nc7 $11 {remains equal.}) 31. Ra8 $1 $16 Ng7 32. Nf4 $36 {[%emt 0:00:09][%mdl 2048] White is in control.} e6 (32... Nf5 $142) 33. Ng2 {[%emt 0:00:05] White is much more active.} Nf5 34. Ne3 Nxe3 (34... Kg7 $16) 35. fxe3 {[%emt 0:00:01][%mdl 4096] Endgame KRB-KRB} Kg7 36. Kf2 c4 {[%emt 0:00:45] Strongly threatening ...cxb3.} 37. b4 Be7 38. Ke2 h5 (38... g5 $142 39. Ra7 Bd8) 39. Rb8 $18 g5 40. h3 {[%emt 0:00:09] Prevents g4.} Kg6 (40... Rc7 $142 41. Rb6 Ra7) 41. a4 Rc7 42. Rb6 Rd7 ({Weaker is} 42... Ra7 43. Rc6 $16) 43. Rc6 ({Don't play} 43. Rxa6 $6 Rd3 44. Ra7 Bf8) 43... Kf5 (43... Rb7 {might work better.}) 44. Rxc4 {[%emt 0:00:11] White has a decisive advantage.} ({Not} 44. Rxa6 Rd3 45. Ra7 Rxc3 $16) 44... Rb7 45. Kd3 Bf8 46. a5 Be7 47. Kc2 {[%emt 0:00:09] Weighted Error Value: White=0.05 (flawless) /Black=0.19 (very precise)} 1-0

[Event "4th Tata Steel India Rapid Open 2022"]
[Site "Kolkota"]
[Date "2022.11.30"]
[Round "4.4"]
[White "Nihal Sarin"]
[Black "Gukesh D"]
[Result "1-0"]
[ECO "A30"]
[WhiteElo "2670"]
[BlackElo "2725"]
[Annotator "TA"]
[PlyCount "99"]
[EventDate "2022.11.29"]
[EventType "tourn"]
[EventCountry "IND"]
[SourceTitle "playchess.com"]
[Source "ChessBase"]
[SourceQuality "1"]
[TimeControl "900+10"]

1. c4 c5 2. Nf3 Nc6 3. b3 e5 4. Bb2 d6 5. g3 g6 6. Bg2 {[%emt 0:00:06] A30: Symmetrical English: Double Fianchetto and Hedgehog.} Bg7 7. O-O Nge7 8. d3 {[%emt 0:00:13] The position is equal.} O-O 9. Nc3 {[%emt 0:00:02] Prevents e4.} h6 10. a3 Be6 11. b4 cxb4 12. axb4 Nxb4 13. Nd2 Qd7 {[%emt 0:02:21] [#]} (13... a5 {is interesting.} 14. Nb3 e4 15. Bxe4 d5) 14. Qa4 $146 ({Predecessor:} 14. Ba3 a5 15. Rb1 e4 16. Na4 Ra6 17. Nxe4 b5 18. cxb5 Qxb5 19. Bb2 Ned5 20. Bxg7 Kxg7 {½-½ (56) Kramnik,V (2800)-Gelfand,B (2695) Moscow 2018}) 14... Nbc6 15. Ba3 Rfd8 (15... a6 {feels hotter.} 16. Nd5 b5 17. Nxe7+ Qxe7 18. cxb5 axb5 19. Qxb5 Nd4) 16. Rab1 Rab8 17. Nde4 Nc8 18. Rfc1 a6 {[%emt 0:01:20] [#]} 19. Nf6+ $1 Bxf6 20. Bxc6 {[%emt 0:00:01][%mdl 64] Pin} Qc7 21. Bg2 Qd7 22. Qa5 Re8 23. Nd5 Bxd5 24. Qxd5 ({Don't take} 24. Bxd5 Bd8 25. Qd2 Bg5 $14) 24... Re7 25. Rb3 {[%emt 0:00:31] White has more active pieces. The black rooks are badly placed.} (25. c5 {simplifies} dxc5 26. Qxc5 Qd8 27. Bxb7 Rexb7 28. Rxb7 Rxb7 29. Qxc8 Qxc8 30. Rxc8+ Kg7 31. Bf8+) 25... b5 26. Rcb1 e4 27. Bxe4 Re5 28. Qc6 (28. Qd4 $16) 28... Qxc6 $11 29. Bxc6 Rxe2 30. cxb5 axb5 31. Rxb5 Rxb5 32. Rxb5 {[%emt 0:00:02] And now Rb8 would win.} Ra2 {[%emt 0:00:21] Threatens to win with ...Ne7.} 33. Bb4 Ne7 34. Be4 {[%emt 0:00:16] This pair of bishops is nice.} Bd4 $1 35. Bxd6 Bxf2+ (35... f5 $1 $11 36. Bxe7 fxe4) 36. Kf1 $16 Nf5 37. Bxf5 gxf5 38. Rxf5 {[%emt 0:00:05][%mdl 4096] Endgame KRB-KRB} Bd4 39. Rd5 Bb6 40. h4 Be3 41. Re5 Bd4 42. Re4 Bf6 43. Bf4 Kh7 44. Rc4 h5 45. d4 (45. Rc6 $16 Kg7 46. Rd6) 45... Kg6 $11 46. d5 {[%emt 0:00:02][%cal Bd4d5,Bd5d6,Bd6d7][%mdl 32] Black must now prevent d6.} Kf5 47. d6 (47. Rc5 $5 ) 47... Be5 $2 {[%emt 0:00:08][%mdl 8192] [#]} (47... Ke6 $2 48. Rc5 $18) (47... Ra5 $11) 48. Rc5 f6 49. d7 Ra1+ 50. Bc1 {[%emt 0:00:01] Weighted Error Value: White=0.13 (very precise) /Black=0.37} 1-0

[Event "4th Tata Steel India Rapid Open 2022"]
[Site "Kolkota"]
[Date "2022.11.30"]
[Round "4.5"]
[White "Abdusattorov, Nodirbek"]
[Black "Vidit, Santosh Gujrathi"]
[Result "0-1"]
[ECO "D35"]
[WhiteElo "2713"]
[BlackElo "2724"]
[Annotator "TA"]
[PlyCount "150"]
[EventDate "2022.11.29"]
[EventType "tourn"]
[EventCountry "IND"]
[SourceTitle "playchess.com"]
[Source "ChessBase"]
[SourceQuality "1"]
[TimeControl "900+10"]

1. c4 e6 2. Nc3 d5 3. d4 Nf6 4. cxd5 exd5 5. Bg5 c6 6. e3 h6 7. Bh4 Bf5 8. Qf3 {[%emt 0:01:13] D35: Queen's Gambit Declined: Exchange Variation.} Be6 {[%emt 0:00:04] 8...Bh7 is the recent fashion.} 9. Bxf6 Qxf6 10. Qxf6 {[%emt 0:00:02] White is slightly better.} gxf6 11. Bd3 a5 12. Nf3 a4 {[%emt 0:00:17] [#]} 13. Rc1 $5 $146 {[%emt 0:02:16][%mdl 8] New and interesting.} ({Predecessor:} 13. a3 Nd7 14. Nh4 b5 15. Na2 Nb6 16. Nb4 Kd7 17. f4 Bxb4+ 18. axb4 Kd6 19. Kf2 {½-½ (63) Navara,D (2697)-Bluebaum,M (2672) Tornelo INT 2020}) 13... a3 14. b3 Na6 15. Bxa6 Rxa6 16. Ke2 Rg8 17. Ne1 Kd7 18. g3 h5 19. Nd3 b6 (19... h4 $14) 20. h4 Bd6 21. b4 Raa8 22. Rb1 Rgc8 23. Rhc1 Bf5 24. Rb3 Ke6 25. Kd2 Bg6 26. Ne2 Kd7 27. Nef4 Bxd3 28. Nxd3 Ra4 29. Rcc3 Rca8 30. Kc2 ({Much less strong is} 30. b5 Rc8 $16) 30... R8a7 31. Rb1 Rc7 32. Kb3 Ra8 33. Rbc1 Rcc8 34. b5 Ra5 (34... cxb5 $2 35. Rxc8 Rxc8 36. Rxc8 Kxc8 37. Nb4 $18) 35. bxc6+ Kc7 36. Kc2 b5 37. Rb1 Kb6 38. Kb3 (38. Nb4 $18) 38... Ra4 $16 39. Nf4 (39. Nc5 $16 Rc4 40. Nd7+ Kxc6 41. Nxf6) 39... Bxf4 $11 40. gxf4 {[%emt 0:00:01] Rc5 is the strong threat.} Rc4 {[%emt 0:00:10] Prevents Rc5.} 41. Rxc4 dxc4+ {[%emt 0:00:01][%mdl 4096] Endgame KR-KR} 42. Kb4 {[%emt 0:00:36] Black must now prevent d5.} Kxc6 43. e4 f5 44. f3 fxe4 45. fxe4 Re8 46. d5+ Kd6 47. Re1 f5 48. e5+ (48. Kxb5 $11 {keeps the balance.} c3 49. Kb4) 48... Kxd5 $17 49. Kxa3 Kc5 50. Kb2 b4 51. a3 {[%emt 0:00:06] [#]} ({White should try} 51. e6) 51... bxa3+ ({Better is} 51... b3 $1 $17 {Strongly threatening ...Rg8.} 52. Re2 Kd4) 52. Kxa3 $11 Rb8 53. e6 c3 54. Re2 $2 (54. e7 $11 c2 55. Rc1) 54... Kc4 $19 55. Ka2 {[%emt 0:00:23] [#]} Kd3 $1 56. Re5 Ra8+ (56... Rb2+ $142 57. Ka3 Rb1) 57. Kb3 (57. Kb1 c2+ 58. Kb2 Rb8+) 57... Rb8+ $2 (57... Rc8 58. Rd5+ (58. Rxf5 {gets mated.} c2 59. Rd5+ Ke2) 58... Ke4 59. Re5+ Kxf4) 58. Ka2 $1 c2 59. Rc5 {[%emt 0:00:01] Inhibits c1Q.} Re8 60. Kb2 Rxe6 {[%emt 0:00:01] ( -> ...Rb6+)} 61. Rc3+ Ke4 62. Rg3 Kxf4 (62... Rc6 $142 63. Kc1 Kxf4 64. Rg5 Ke4 65. Rxh5 f4 66. Rh7 f3 67. Re7+ Kf5 68. Re1 Kf4 69. Rf1 Kg3 70. Rg1+ Kh3 71. Kd2 c1=Q+ 72. Rxc1 Rxc1 73. Kxc1 f2 74. Kd2 f1=Q 75. Kc3 Kxh4 76. Kb4 Qf5 77. Kb3 Kg3 78. Kc4 Kf3 79. Kc3 Ke4 80. Kc4 Qa5 81. Kb3 Kd3 82. Kb2 Qb5+ 83. Ka2 Kc3 84. Ka3 Qb3#) 63. Rg5 Rc6 {[%emt 0:00:10] Black mates.} 64. Kc1 Ke4 65. Rxh5 f4 66. Rh8 f3 67. Rf8 Ke3 68. h5 f2 69. Re8+ Kf3 70. Rf8+ Ke2 71. Re8+ Kf1 72. Rf8 Rh6 73. Rf5 Ke2 74. Re5+ Kd3 75. Rf5 {[%emt 0:00:12] [#]} Rxh5 $3 {[%emt 0:00:05][%mdl 512] Never resign too early!   Weighted Error Value: White=0.29 (precise) /Black=0.41} 0-1

[Event "4th Tata Steel India Rapid Open 2022"]
[Site "Kolkota"]
[Date "2022.11.30"]
[Round "5.1"]
[White "Gukesh D"]
[Black "Abdusattorov, Nodirbek"]
[Result "1-0"]
[ECO "A34"]
[WhiteElo "2725"]
[BlackElo "2713"]
[Annotator "TA"]
[PlyCount "111"]
[EventDate "2022.11.29"]
[EventType "tourn"]
[EventCountry "IND"]
[SourceTitle "playchess.com"]
[Source "ChessBase"]
[SourceQuality "1"]
[TimeControl "900+10"]

1. Nf3 Nf6 2. g3 c5 3. Bg2 Nc6 4. c4 d5 5. cxd5 Nxd5 6. O-O e5 7. Nc3 Nc7 8. a3 f6 9. e3 {[%emt 0:00:37][%cal Od2d4] A34: Symmetrical English: 2 Nc3, lines with ...d5.} Be7 10. d4 cxd4 11. exd4 {[%emt 0:00:03] White is slightly better.} exd4 12. Ne2 Ne6 13. b4 O-O 14. Bb2 d3 15. Nc1 {[%emt 0:00:09] [#]} Nc7 $146 ({Predecessor:} 15... a5 16. b5 Qb6 17. Qxd3 Ncd8 18. a4 Nf7 19. Nb3 Rd8 20. Qe2 Bb4 21. Rfd1 Bd7 {1-0 (37) Banikas,H (2609)-Popilski,G (2506) Rethymno 2013}) 16. Nxd3 Bf5 17. Qb3+ Kh8 18. Nf4 Qe8 19. b5 {[%emt 0:01:18] White is more active.} Nd8 20. Nh4 Be6 21. Nxe6 Ndxe6 22. Rfe1 (22. Bxb7 Rb8 23. Bg2 Qxb5 24. Qxb5 Rxb5 $11) 22... Qf7 23. Rxe6 Qxe6 $16 24. Qxe6 Nxe6 25. Re1 (25. Bxb7 Rab8 26. Bc6 Bc5 $17) 25... Bc5 {[%emt 0:00:13] And now ...Rae8 would win.} 26. Rxe6 Rae8 27. Rxe8 Rxe8 28. Kf1 $1 {[%emt 0:00:03] Prevents Re2.} (28. Bxb7 Re2 29. Bc3 Rxf2 $14) 28... Rd8 ({Black should play} 28... b6) 29. Ke2 $1 (29. Bxb7 $6 Rd2 30. Bc3 Rxf2+ 31. Ke1 Rc2 $14) 29... Re8+ 30. Kd3 (30. Kd2 $142) 30... b6 31. Be4 Bxf2 32. Nf3 Kg8 33. g4 Kf7 34. a4 (34. Bxh7 $2 Re3+ 35. Kc4 Rxf3 $19) 34... g6 35. Bd5+ Ke7 36. Nd4 Kd6 {[%emt 0:00:02] [#]} 37. Be4 Ke5 {[%emt 0:01:21] aiming for ...Rd8.} 38. Ne2+ Ke6 39. Nf4+ Kf7 40. Bd5+ Ke7 {[%emt 0:00:29] [#]} 41. Ba3+ $1 {[%emt 0:00:12] A strong pair of Bishops.} Bc5 $2 (41... Kd8) 42. Bxc5+ $18 bxc5 43. Bc6 Rf8 44. a5 Kd6 45. Kc4 f5 46. g5 (46. Nd3 $142) 46... Ke5 $2 (46... h6) 47. Nd3+ Kd6 48. Nxc5 f4 49. Ne4+ Ke5 50. b6 axb6 51. a6 Rf7 52. Bb7 b5+ 53. Kb4 f3 54. a7 ({Not} 54. Kxb5 f2 55. Nxf2 Rxf2 $16) 54... Rf8 55. a8=Q ({Stronger than} 55. a8=B f2 56. Nxf2 (56. Kxb5 f1=Q+ 57. Kc5 Qc1+ 58. Kb4 Qb2+ 59. Kc5 Qd4+ 60. Kc6 Qxe4+ 61. Kb5 Qd3+ 62. Kb6 Qd4+ 63. Kb5 Rf2 64. Bd5 Rb2+ 65. Kc6 Qxd5+ 66. Kc7 Qd6+ 67. Kc8 Rb8#) 56... Rxf2 $11) 55... Rxa8 56. Bxa8 {[%emt 0:00:01] Weighted Error Value: White=0.09 (flawless) /Black=0.48} 1-0

[Event "4th Tata Steel India Rapid Open 2022"]
[Site "Kolkota"]
[Date "2022.11.30"]
[Round "5.2"]
[White "Sethuraman, S.P."]
[Black "Nihal Sarin"]
[Result "0-1"]
[ECO "C17"]
[WhiteElo "2643"]
[BlackElo "2670"]
[Annotator "TA"]
[PlyCount "114"]
[EventDate "2022.11.29"]
[EventType "tourn"]
[EventCountry "IND"]
[SourceTitle "playchess.com"]
[Source "ChessBase"]
[SourceQuality "1"]
[TimeControl "900+10"]

1. e4 e6 2. d4 d5 3. Nc3 Bb4 4. e5 c5 5. Bd2 Ne7 6. a3 Bxc3 7. Bxc3 b6 8. Bb5+ Bd7 9. Bd3 Nbc6 {[%emt 0:00:02] C17: French: 3 Nc3 Bb4 4 e5 c5 sidelines.} 10. Nf3 Ng6 11. O-O {[%emt 0:04:44] [#]} Nf4 $5 $146 {[%emt 0:00:01][%mdl 8] The position is equal. An interesting novelty.} ({Predecessor:} 11... O-O 12. Re1 Qc7 13. Qd2 a5 14. Qe3 Nce7 15. g3 Nf5 16. Qd2 Rfc8 17. Rab1 cxd4 18. Nxd4 Nxe5 19. Rxe5 Qxe5 20. Nxf5 Rxc3 21. Qxc3 Qxc3 22. bxc3 exf5 23. Rxb6 {½-½ (63) Mastrovasilis,D (2621)-Shirov,A (2705) Porto Carras 2011}) 12. Re1 (12. dxc5 {is interesting.} bxc5 13. b4 Qb6 14. Qd2) 12... Nxd3 13. Qxd3 Rc8 14. dxc5 bxc5 15. b4 Qb6 16. Rab1 h6 17. Bd2 O-O 18. bxc5 (18. c3 {simplifies} Ne7 19. Be3 d4 20. bxc5 Qxc5 21. Qxd4 Qxd4 22. cxd4 Bc6 23. Nd2) 18... Qxc5 19. Be3 (19. Rb7 {seems wilder.} Rfd8 20. Reb1 Qf8 21. h3) 19... Qa5 20. Rb7 {[%emt 0:00:04] [#]} (20. h3 $11) 20... Nxe5 $1 $17 21. Qd1 (21. Qe2 Nxf3+) 21... Nxf3+ 22. gxf3 d4 23. Rxd7 dxe3 24. Rxe3 Rc4 25. Rd4 Rxd4 {[%emt 0:00:18] Black is more active.} 26. Qxd4 {[%emt 0:00:02][%mdl 4096] Endgame KQR-KQR} Rd8 27. Qe5 Rd1+ 28. Kg2 Qa6 {[%emt 0:00:02] Hoping for ...Qf1+.} 29. Rd3 {[%emt 0:00:29] This move loses the game for White.} (29. Re1 $17 Rxe1 30. Qxe1) 29... Rxd3 $19 30. cxd3 Qxa3 {[%emt 0:00:03] KQ-KQ} 31. Qb8+ Kh7 32. Qb7 a5 ({Weaker is} 32... Qxd3 33. Qxa7 Qf5 34. Qd4 $17) 33. d4 (33. Qxf7 Qxd3 34. Qa7) 33... Qd3 {[%emt 0:00:30] Strongly threatening ...a4.} 34. Qa7 {[%emt 0:00:15] Prevents a4.} Qg6+ 35. Kf1 Qf5 36. Kg2 Qg5+ 37. Kf1 $2 (37. Kh3) 37... Qb5+ 38. Kg2 Kg6 $2 (38... a4 39. Qa8 Qb3 40. Qe4+ g6) 39. h4 a4 40. Qa8 $2 (40. h5+ Kf6 41. d5 Qxd5 42. Qxa4) 40... h5 41. Qe4+ Kf6 {[%emt 0:00:40] Threatens to win with ...a3.} 42. Qa8 $2 {[%emt 0:00:09] Inhibits a3.} (42. Qe1) 42... Qd7 (42... g6 $142 {And now ...Kg7 would win.} 43. d5 exd5 44. Qh8+ Ke6) 43. Qa5 g6 (43... Qxd4 $2 44. Qg5#) 44. Qe5+ (44. Qc3 {only move.}) 44... Ke7 {[%emt 0:00:01] ...Qd5 is the strong threat.} 45. Qc5+ Ke8 46. Qb6 $2 (46. Qc3) 46... Kf8 47. Qb8+ Kg7 48. Qe5+ Kg8 {[%emt 0:00:09] aiming for ...Qa7.} 49. Qb8+ {[%emt 0:00:01] [#]} Kh7 $1 50. Qb6 Kg7 {[%emt 0:00:05] White must now prevent ...Qd5.} 51. Qc5 Qd5 52. Qa7 Qc4 (52... Qb3 $142 53. d5 exd5 54. Qd4+ Kg8) 53. Kg3 Qb4 (53... Qb3 $142 54. d5 exd5 55. Qd4+ Kg8 56. Kg2 a3 57. Kh2 a2 58. Qe5 Qd1 59. Qe8+ Kg7 60. Qe5+ Kh7 61. Qf6 a1=Q 62. Qxa1 Qxa1 63. f4 d4 64. f5 d3 65. fxg6+ fxg6 66. f4 d2 67. f5 d1=Q 68. fxg6+ Kxg6 69. Kh3 Qg4+ 70. Kh2 Qag1#) 54. Kg2 a3 {[%emt 0:00:11][%cal Ba4a3,Ba3a2][%mdl 32] Black mates.} 55. Kg3 Qb2 56. Qa5 a2 ({And not} 56... Qxd4 57. Qxa3 Qf6 58. Qa5 $17) 57. Qe5+ Kg8 {[%emt 0:00:02] Weighted Error Value: White=1.07/Black=0.43} 0-1

[Event "4th Tata Steel India Rapid Open 2022"]
[Site "Kolkota"]
[Date "2022.11.30"]
[Round "5.3"]
[White "So, Wesley"]
[Black "Erigaisi Arjun"]
[Result "1/2-1/2"]
[ECO "C11"]
[WhiteElo "2760"]
[BlackElo "2718"]
[Annotator "TA"]
[PlyCount "97"]
[EventDate "2022.11.29"]
[EventType "tourn"]
[EventCountry "IND"]
[SourceTitle "playchess.com"]
[Source "ChessBase"]
[SourceQuality "1"]
[TimeControl "900+10"]

1. e4 e6 2. d4 d5 3. Nc3 Nf6 4. e5 Nfd7 5. f4 c5 6. Nf3 Nc6 7. Be3 cxd4 8. Nxd4 Qb6 9. a3 Bc5 (9... Qxb2 $2 10. Na4 $18) 10. Ncb5 $1 {[%emt 0:00:03][%mdl 4] is recently more successful than 10.Na4. C11: French: Classical System: 4 e5 and 4 Bg5 dxe4.} (10. Na4 $5 Qa5+ $8 11. Nc3 $11) 10... a6 {[%emt 0:00:13] Against b4} 11. b4 (11. Nxc6 {simplifies} axb5 12. Bxc5 Nxc5 13. Nd4) 11... axb5 12. bxc5 Qxc5 ({Resist} 12... Nxc5 13. Nb3 d4 14. Nxd4 $14 (14. Bxd4 Nxd4 15. Qxd4 Nd7 $14)) 13. Qd3 {[%emt 0:07:22][%cal Od4e6] [#] aiming for Nxe6!} Qe7 14. Nxb5 {[%emt 0:00:24] Strongly threatening Nc7+.} O-O $1 {[%emt 0:00:03] [#]} 15. Be2 $146 ({Predecessor:} 15. Qc3 f6 16. exf6 Qxf6 17. Qxf6 Nxf6 18. Be2 e5 19. fxe5 Nxe5 20. Bc5 Rf7 21. O-O-O {½-½ (33) Pichot,A (2629)-Fridman,D (2663) Dubai 2021}) 15... f6 16. exf6 Nxf6 17. O-O Bd7 18. Nd4 Na5 (18... Rfe8 $5 ) 19. Bd2 Rfc8 20. Bb4 {[%emt 0:00:12] This pair of bishops is nice.} Qe8 21. Rae1 Nc6 22. Bf3 (22. Qe3 $5 ) 22... Nxb4 (22... Nxd4 {feels hotter.} 23. Qxd4 Rc4 24. Qd2 Bb5) 23. axb4 Qe7 (23... Qf8 {looks sharper.} 24. Nxe6 Qxb4 25. Bxd5 Qb6+) 24. Qd2 Qd6 25. g3 Ra3 {[%emt 0:00:46] Inhibits c3.} 26. Re3 {[%emt 0:01:37] Inhibits Rcc3.} Rxe3 27. Qxe3 Qxb4 28. Nxe6 (28. Rd1 $11) 28... Rxc2 $17 29. f5 Qd2 (29... h6 $17) 30. Qxd2 $11 Rxd2 31. Rb1 b5 32. g4 $1 Ne4 33. Rb3 (33. Nc7 $11 {remains equal.}) 33... Bxe6 $17 34. fxe6 {[%emt 0:00:25][%mdl 4096] Endgame [#] KRB-KRN} Ng5 (34... Nd6 $1 $17 {And now ...Kf8 would win.} 35. Rc3 Kf8) 35. h4 $11 {[%emt 0:00:37] The position is equal.} Nxf3+ 36. Rxf3 {[%emt 0:00:01] Intending e7 and mate. KR-KR} Re2 {[%emt 0:00:01] Prevents e7.} 37. Rb3 Rxe6 38. Rxb5 Re4 39. g5 d4 40. h5 Kf7 {[%emt 0:00:02] White must now prevent ...d3.} 41. Kf2 Ke6 {[%emt 0:00:08] Threatens to win with ...d3.} 42. h6 g6 43. Rb6+ $1 Kf5 44. Rb7 Kxg5 45. Rxh7 Kh5 46. Rh8 g5 47. h7 Re7 48. Rd8 Rxh7 49. Rxd4 {[%emt 0:00:01] Weighted Error Value: White=0.07 (flawless) /Black=0.09 (flawless)} 1/2-1/2

[Event "4th Tata Steel India Rapid Open 2022"]
[Site "Kolkota"]
[Date "2022.11.30"]
[Round "5.4"]
[White "Mamedyarov, Shakhriyar"]
[Black "Maghsoodloo, Parham"]
[Result "1/2-1/2"]
[ECO "C48"]
[WhiteElo "2741"]
[BlackElo "2720"]
[Annotator "TA"]
[PlyCount "54"]
[EventDate "2022.11.29"]
[EventType "tourn"]
[EventCountry "IND"]
[SourceTitle "playchess.com"]
[Source "ChessBase"]
[SourceQuality "1"]
[TimeControl "900+10"]

1. e4 e5 2. Nf3 Nc6 3. Nc3 Nf6 4. Bb5 Bd6 5. O-O O-O 6. h3 {[%emt 0:00:12] C48: Four Knights: 4 Bb5, replies other than 4...Bb4.} h6 7. Re1 Re8 8. Bxc6 dxc6 9. d4 {[%emt 0:00:04] [#] And now dxe5 would win.} Nd7 {[%emt 0:00:00] [#]} 10. Be3 $146 ({Predecessor:} 10. dxe5 Nxe5 11. Bf4 Nxf3+ 12. Qxf3 Qf6 13. e5 Bxe5 14. Qg3 Bxf4 15. Rxe8+ Kh7 16. Qf3 {1-0 (27) Musovic,A (2219)-Mesnyankin,N (2176) Chess.com INT 2020}) 10... b6 11. Qd2 Bb7 12. Rad1 Qf6 13. dxe5 Nxe5 14. Nxe5 Bxe5 (14... Rxe5 $2 15. f4 Rh5 16. e5 Bxe5 17. fxe5 Rxe5 18. Bd4 Rxe1+ 19. Qxe1 $18) (14... Qxe5 {simplifies} 15. f4 Qe7 16. e5 Bb4) 15. Bd4 {[%emt 0:00:10] The position is equal.} c5 16. Bxe5 Rxe5 (16... Qxe5 {simplifies} 17. b3 Bc6 18. Nd5 Bxd5 19. exd5 Qb2) 17. Qd7 (17. f3 {simplifies} Rae8 18. Re3 Qc6 19. Qf2) 17... Re7 18. Nd5 Bxd5 (18... Rxd7 $2 19. Nxf6+ gxf6 20. Rxd7 $18) (18... Qxf2+ $2 19. Kxf2 Rxd7 {[#]} 20. Nf6+ $1 gxf6 21. Rxd7 $16) 19. Qxd5 Rae8 20. c3 Qe6 21. Qxe6 Rxe6 22. Rd7 Rxe4 23. Rxe4 Rxe4 $11 {[%emt 0:00:02] KR-KR} 24. Kf1 {[%emt 0:00:36] Inhibits Re1+.} Kf8 25. Rxc7 Re7 26. Rc8+ Re8 27. Rc7 Re7 {[%emt 0:00:01] An even fight not without its subleties.   Weighted Error Value: White=0.04 (flawless) /Black=0.02 (flawless)} 1/2-1/2